[ AOE2 MATCH · #476326196 ]
UnrankedPoles vs Khmer
[ REPLAY ANALYSIS · EXTRACTED FROM THE RECORDED GAME ]
Feudal
12:03
Castle
16:58
Imperial
34:58
| APM avg | 15.1 |
| APM peak | 35 |
| eAPM avg | 11.5 |
| Villagers / military | 120 / 252 |
Focus
⚔️ 32.6% · 🌾 67.4%
Knight ×117 · Obuch ×79 · Scout Cavalry ×51 · Trade Cart ×11 · Monk ×3 · Trebuchet (Packed) ×2
Feudal
11:35
Castle
14:27
Imperial
31:00
| APM avg | 25.2 |
| APM peak | 54 |
| eAPM avg | 15.6 |
| Villagers / military | 189 / 138 |
Focus
⚔️ 35.3% · 🌾 64.7%
Battle Elephant ×56 · Scorpion ×28 · Scout Cavalry ×28 · Battering Ram ×17 · Mangonel ×9 · Trade Cart ×5
Feudal
—
Castle
—
Imperial
—
| APM avg | 25.0 |
| APM peak | 60 |
| eAPM avg | 15.9 |
| Villagers / military | 132 / 115 |
Focus
⚔️ 31.0% · 🌾 69.0%
Knight ×106 · Battering Ram ×6 · Monk ×3
Feudal
13:28
Castle
24:28
Imperial
41:43
| APM avg | 12.4 |
| APM peak | 32 |
| eAPM avg | 10.5 |
| Villagers / military | 99 / 147 |
Focus
⚔️ 27.1% · 🌾 72.9%
Scorpion ×65 · Spearman ×58 · Trade Cart ×17 · Militia ×13 · Mangonel ×7 · Monk ×3
Feudal
12:26
Castle
16:29
Imperial
30:26
| APM avg | 41.0 |
| APM peak | 95 |
| eAPM avg | 24.1 |
| Villagers / military | 138 / 269 |
Focus
⚔️ 21.9% · 🌾 78.1%
Scout Cavalry ×134 · Mameluke ×131 · Trebuchet (Packed) ×4
Feudal
12:24
Castle
20:08
Imperial
38:22
| APM avg | 20.5 |
| APM peak | 77 |
| eAPM avg | 13.1 |
| Villagers / military | 127 / 109 |
Focus
⚔️ 17.7% · 🌾 82.3%
Spearman ×71 · Hand Cannoneer ×17 · Trade Cart ×13 · Skirmisher ×10 · Hussite Wagon ×8 · Bombard Cannon ×2
Match map
Initial resources + every placement click. Lines = walls · curves = elevation contours. ◆ gold · ⬟ stone · ● berries · ✦ relic · ◌ wall gap
Your base· ✓ Closed at 16:58 · 0t walls · 4 gate(s)
Jarrymo's base· ✓ Closed at 14:27 · 0t walls · 3 gate(s)
ActedWater2358's base· ✓ Closed at 20:33 · 32t walls · 2 gate(s)
simirfan's base· ✓ Closed at 24:28 · 52t walls · 3 gate(s)
ReF's base· ✓ Closed at 16:29 · 0t walls · 3 gate(s)
M.S.'s base· ✓ Closed at 20:08 · 68t walls · 4 gate(s)
Smoothed initial terrain · ◌ = detected wall gap · hover for details
Inputs per minute
— Geosim - - Jarrymo
Build order — Geosim
First 150 of 313 actions detected
| 0:02 | Create | Villager (Male) ×4 |
| 0:05 | Build | House |
| 0:06 | Build | House |
| 1:29 | Create | Villager (Male) |
| 1:59 | Create | Villager (Male) |
| 2:17 | Build | Lumber Camp |
| 2:21 | Create | Villager (Male) |
| 2:30 | Build | House |
| 2:31 | Build | House |
| 2:38 | Create | Villager (Male) |
| 3:15 | Create | Villager (Male) |
| 3:38 | Create | Villager (Male) |
| 4:26 | Create | Villager (Male) |
| 4:36 | Build | Mill |
| 4:52 | Create | Villager (Male) |
| 5:16 | Create | Villager (Male) |
| 5:41 | Create | Villager (Male) |
| 5:45 | Create | Villager (Male) |
| 6:20 | Create | Villager (Male) |
| 6:55 | Create | Villager (Male) |
| 6:55 | Create | Villager (Male) |
| 7:22 | Create | Villager (Male) ×2 |
| 7:27 | Build | Mining Camp |
| 8:10 | Create | Villager (Male) |
| 8:50 | Create | Villager (Male) |
| 8:51 | Create | Villager (Male) |
| 9:34 | Build | House |
| 9:40 | Build | House |
| 9:46 | Research | Feudal Age |
| 10:24 | Build | Mill |
| 10:38 | Build | Farm |
| 10:38 | Build | Farm |
| 10:39 | Build | Farm |
| 11:26 | Create | Villager (Male) |
| 11:39 | Build | Farm |
| 11:59 | Create | Villager (Male) |
| 12:03 | Age | Feudal Age |
| 12:03 | Research | Double-Bit Axe |
| 12:08 | Build | Market |
| 12:13 | Build | Blacksmith |
| 12:33 | Create | Villager (Male) |
| 13:01 | Create | Villager (Male) |
| 13:45 | Create | Villager (Male) |
| 13:59 | Build | Farm |
| 14:00 | Build | Farm |
| 14:01 | Build | Farm |
| 14:08 | Build | Farm |
| 14:14 | Build | Farm |
| 14:18 | Research | Castle Age |
| 14:30 | Build | Barracks |
| 14:47 | Research | Horse Collar |
| 15:09 | Research | Gold Mining |
| 15:33 | Research | Loom |
| 16:07 | Build | Stable |
| 16:16 | Build | Farm |
| 16:16 | Build | Farm |
| 16:17 | Build | Farm |
| 16:18 | Build | Farm |
| 16:31 | Research | Wheelbarrow |
| 16:45 | Build | House |
| 16:45 | Build | House |
| 16:46 | Build | House |
| 16:54 | Build | Palisade Gate |
| 16:58 | Age | Castle Age |
| 17:03 | Build | Town Center |
| 17:06 | Research | Bow Saw |
| 17:12 | Create | Knight |
| 17:14 | Create | Knight |
| 17:27 | Create | Villager (Male) |
| 17:27 | Create | Villager (Male) |
| 17:38 | Create | Villager (Male) |
| 17:38 | Create | Villager (Male) |
| 18:14 | Create | Knight |
| 18:15 | Research | Husbandry |
| 18:25 | Build | Town Center |
| 18:31 | Create | Villager (Male) ×2 |
| 19:14 | Research | Heavy Plow |
| 19:16 | Create | Villager (Male) |
| 19:22 | Build | Mining Camp |
| 19:29 | Build | Monastery |
| 19:39 | Create | Villager (Male) |
| 19:49 | Research | Stone Mining |
| 20:01 | Create | Villager (Male) |
| 20:37 | Build | Stable |
| 20:38 | Create | Monk |
| 20:46 | Create | Villager (Male) ×5 |
| 20:53 | Build | Monastery |
| 21:19 | Create | Villager (Male) ×3 |
| 21:26 | Build | Town Center |
| 21:58 | Create | Monk |
| 22:03 | Build | House |
| 22:05 | Build | House |
| 22:06 | Build | House |
| 22:10 | Research | Hand Cart |
| 22:49 | Create | Villager (Male) ×3 |
| 23:08 | Create | Villager (Male) ×3 |
| 23:21 | Build | Town Center |
| 23:27 | Build | Mill |
| 23:28 | Build | Farm |
| 23:30 | Create | Villager (Male) |
| 23:45 | Build | Stable |
| 23:46 | Build | Stable |
| 23:56 | Create | Villager (Male) ×3 |
| 23:58 | Build | Farm |
| 24:32 | Build | Farm |
| 24:34 | Build | Farm |
| 24:42 | Build | Mill |
| 24:43 | Build | Farm |
| 24:46 | Create | Villager (Male) ×5 |
| 24:47 | Create | Villager (Male) |
| 24:47 | Create | Villager (Male) |
| 25:05 | Build | Blacksmith |
| 25:48 | Build | Farm |
| 25:49 | Build | Farm |
| 25:49 | Build | Farm |
| 25:49 | Build | Farm |
| 25:50 | Build | Farm |
| 25:50 | Build | Farm |
| 25:50 | Build | Farm |
| 25:53 | Create | Villager (Male) ×5 |
| 25:54 | Create | Villager (Male) ×4 |
| 25:54 | Create | Villager (Male) ×4 |
| 25:59 | Create | Monk |
| 26:06 | Build | Stable |
| 26:21 | Research | Forging |
| 26:21 | Research | Scale Barding Armor |
| 26:25 | Build | Farm |
| 26:34 | Build | Farm |
| 26:41 | Research | Town Watch |
| 26:45 | Research | Scale Barding Armor |
| 26:58 | Build | Castle |
| 27:02 | Build | Farm |
| 27:02 | Build | Farm |
| 27:23 | Research | Bloodlines |
| 27:25 | Create | Knight ×5 |
| 27:25 | Create | Knight ×5 |
| 27:32 | Build | House |
| 27:33 | Build | House |
| 27:33 | Build | House |
| 27:33 | Build | House |
| 27:34 | Build | House |
| 27:34 | Build | House |
| 27:38 | Create | Villager (Male) ×5 |
| 27:40 | Create | Villager (Male) |
| 27:40 | Create | Villager (Male) |
| 28:05 | Research | Iron Casting |
| 28:14 | Build | Farm |
| 28:14 | Build | Farm |
| 28:19 | Research | Szlachta Privileges |
| 28:22 | Build | Farm |
Build order — Jarrymo
First 150 of 365 actions detected
| 0:02 | Create | Villager (Male) |
| 0:02 | Create | Villager (Male) |
| 0:02 | Create | Villager (Male) |
| 0:03 | Create | Villager (Male) |
| 0:03 | Create | Villager (Male) |
| 0:05 | Build | House |
| 0:07 | Build | House |
| 1:26 | Create | Villager (Male) |
| 1:26 | Create | Villager (Male) |
| 1:54 | Build | Lumber Camp |
| 2:16 | Build | House |
| 2:17 | Build | House |
| 2:22 | Create | Villager (Male) |
| 2:22 | Create | Villager (Male) |
| 3:28 | Create | Villager (Male) |
| 3:29 | Create | Villager (Male) |
| 4:38 | Create | Villager (Male) |
| 4:39 | Create | Villager (Male) |
| 6:05 | Create | Villager (Male) |
| 6:05 | Create | Villager (Male) |
| 6:05 | Create | Villager (Male) |
| 6:05 | Create | Villager (Male) |
| 7:06 | Create | Villager (Male) |
| 7:06 | Create | Villager (Male) |
| 7:33 | Build | Mill |
| 7:37 | Create | Villager (Male) |
| 7:37 | Create | Villager (Male) |
| 8:02 | Build | Farm |
| 8:04 | Build | Farm |
| 8:09 | Build | Farm |
| 8:13 | Create | Villager (Male) |
| 8:13 | Create | Villager (Male) |
| 8:14 | Create | Villager (Male) |
| 8:19 | Build | Mining Camp |
| 8:35 | Build | Farm |
| 8:42 | Build | Farm |
| 9:11 | Create | Villager (Male) |
| 9:12 | Create | Villager (Male) |
| 9:18 | Research | Feudal Age |
| 10:39 | Create | Villager (Male) |
| 10:39 | Create | Villager (Male) |
| 11:12 | Create | Villager (Male) |
| 11:12 | Create | Villager (Male) |
| 11:23 | Build | Farm |
| 11:35 | Age | Feudal Age |
| 11:47 | Research | Castle Age |
| 12:55 | Build | Stable |
| 13:34 | Build | Farm |
| 13:49 | Build | Farm |
| 13:56 | Create | Villager (Male) |
| 13:56 | Create | Villager (Male) |
| 14:14 | Build | Farm |
| 14:27 | Age | Castle Age |
| 14:35 | Create | Villager (Male) |
| 14:42 | Build | Town Center |
| 15:26 | Research | Wheelbarrow |
| 15:29 | Build | House |
| 15:46 | Create | Villager (Male) |
| 15:47 | Create | Villager (Male) |
| 15:54 | Research | Double-Bit Axe |
| 16:05 | Create | Villager (Male) |
| 16:05 | Create | Villager (Male) |
| 16:13 | Create | Villager (Male) ×5 |
| 16:15 | Create | Villager (Male) ×4 |
| 16:30 | Research | Horse Collar |
| 16:35 | Research | Bow Saw |
| 16:35 | Research | Bow Saw |
| 16:48 | Create | Villager (Male) |
| 16:49 | Create | Villager (Male) |
| 17:01 | Create | Villager (Male) |
| 17:29 | Build | Town Center |
| 17:38 | Build | Farm |
| 17:48 | Create | Villager (Male) |
| 17:53 | Build | Farm |
| 17:56 | Build | Farm |
| 18:00 | Build | Farm |
| 18:02 | Build | Farm |
| 18:05 | Build | Farm |
| 18:13 | Build | Farm |
| 18:22 | Build | House |
| 18:28 | Create | Villager (Male) |
| 18:37 | Research | Town Watch |
| 18:40 | Create | Villager (Male) |
| 18:40 | Create | Villager (Male) |
| 18:44 | Build | House |
| 18:45 | Build | House |
| 18:46 | Build | House |
| 18:47 | Build | House |
| 18:51 | Create | Villager (Male) |
| 18:53 | Create | Villager (Male) |
| 19:07 | Create | Villager (Male) |
| 19:16 | Build | Farm |
| 19:16 | Build | Farm |
| 19:16 | Build | Farm |
| 19:16 | Build | Farm |
| 19:17 | Build | Farm |
| 19:26 | Build | House |
| 19:30 | Build | Farm |
| 19:33 | Build | Farm |
| 19:35 | Build | Farm |
| 19:37 | Create | Villager (Male) ×2 |
| 19:39 | Build | Farm |
| 19:49 | Build | Farm |
| 19:52 | Create | Villager (Male) |
| 19:53 | Create | Villager (Male) |
| 20:00 | Build | Farm |
| 20:03 | Create | Villager (Male) |
| 20:17 | Create | Villager (Male) ×2 |
| 20:27 | Create | Villager (Male) |
| 20:30 | Create | Villager (Male) |
| 20:38 | Create | Villager (Male) |
| 20:47 | Create | Villager (Male) |
| 21:09 | Build | Town Center |
| 21:20 | Create | Villager (Male) ×5 |
| 21:22 | Build | Farm |
| 21:24 | Build | Farm |
| 21:26 | Build | Farm |
| 21:28 | Research | Gold Mining |
| 21:39 | Research | Heavy Plow |
| 21:41 | Create | Villager (Male) ×2 |
| 21:43 | Create | Villager (Male) |
| 21:43 | Create | Villager (Male) |
| 21:49 | Create | Villager (Male) |
| 21:54 | Create | Villager (Male) |
| 22:05 | Create | Villager (Male) |
| 22:06 | Build | Farm |
| 22:11 | Create | Villager (Male) ×2 |
| 22:30 | Build | Stable |
| 22:32 | Create | Villager (Male) ×3 |
| 22:37 | Build | Farm |
| 22:38 | Build | Farm |
| 22:54 | Build | Gate |
| 22:56 | Build | House |
| 23:02 | Build | House |
| 23:12 | Build | Gate |
| 23:23 | Create | Villager (Male) ×5 |
| 23:39 | Build | Stable |
| 23:41 | Build | Farm |
| 23:42 | Build | Farm |
| 23:42 | Build | Farm |
| 23:44 | Create | Villager (Male) ×5 |
| 23:47 | Create | Villager (Male) |
| 23:52 | Create | Villager (Male) |
| 24:22 | Create | Battle Elephant |
| 24:22 | Create | Battle Elephant |
| 24:26 | Create | Battle Elephant |
| 24:27 | Create | Battle Elephant |
| 24:30 | Create | Battle Elephant |
| 24:30 | Create | Battle Elephant |
| 24:31 | Create | Battle Elephant |
Build order — ActedWater2358
First 150 of 416 actions detected
| 0:06 | Create | Villager (Male) |
| 0:06 | Create | Villager (Male) |
| 0:06 | Create | Villager (Male) |
| 0:06 | Create | Villager (Male) |
| 0:09 | Build | House |
| 0:11 | Build | House |
| 1:32 | Create | Villager (Male) |
| 1:56 | Research | Loom |
| 2:06 | Create | Villager (Male) |
| 2:23 | Create | Villager (Male) |
| 2:50 | Research | Loom |
| 3:19 | Build | House |
| 3:26 | Create | Villager (Male) |
| 3:26 | Create | Villager (Male) |
| 3:26 | Create | Villager (Male) |
| 3:26 | Create | Villager (Male) |
| 4:08 | Build | Lumber Camp |
| 4:28 | Build | House |
| 4:35 | Create | Villager (Male) |
| 4:39 | Create | Villager (Male) |
| 4:55 | Create | Villager (Male) |
| 5:21 | Create | Villager (Male) |
| 5:30 | Build | House |
| 5:40 | Build | Palisade Wall |
| 5:45 | Build | Palisade Wall |
| 5:48 | Create | Villager (Male) |
| 6:22 | Create | Villager (Male) |
| 7:02 | Build | Mill |
| 7:13 | Create | Villager (Male) |
| 7:40 | Create | Villager (Male) |
| 8:05 | Build | Mining Camp |
| 8:08 | Research | Feudal Age |
| 9:11 | Create | Villager (Male) |
| 9:34 | Build | Palisade Wall |
| 9:35 | Create | Villager (Male) |
| 10:09 | Create | Villager (Male) |
| 10:22 | Build | Palisade Wall |
| 10:34 | Build | Town Center |
| 10:36 | Create | Villager (Male) |
| 12:01 | Create | Villager (Male) |
| 12:32 | Create | Villager (Male) |
| 12:32 | Create | Villager (Male) |
| 12:45 | Create | Villager (Male) |
| 13:34 | Create | Villager (Male) |
| 13:34 | Create | Villager (Male) |
| 13:35 | Create | Villager (Male) |
| 13:41 | Research | Horse Collar |
| 14:17 | Build | Farm |
| 14:28 | Build | Farm |
| 14:29 | Build | Farm |
| 14:31 | Build | Farm |
| 14:35 | Build | Farm |
| 14:36 | Build | Farm |
| 14:41 | Create | Villager (Male) |
| 14:41 | Create | Villager (Male) |
| 14:42 | Create | Villager (Male) |
| 14:43 | Create | Villager (Male) |
| 14:47 | Build | House |
| 15:02 | Create | Villager (Male) |
| 15:03 | Create | Villager (Male) |
| 15:10 | Build | House |
| 15:15 | Build | Farm |
| 15:16 | Build | Farm |
| 15:17 | Build | Farm |
| 15:18 | Build | Farm |
| 15:21 | Build | Farm |
| 15:22 | Build | Farm |
| 15:25 | Create | Villager (Male) |
| 15:25 | Create | Villager (Male) |
| 15:37 | Build | House |
| 15:57 | Build | Mill |
| 16:05 | Create | Villager (Male) |
| 16:08 | Create | Villager (Male) |
| 16:09 | Create | Villager (Male) |
| 16:17 | Build | Farm |
| 16:18 | Build | Farm |
| 16:20 | Build | Farm |
| 16:25 | Build | Farm |
| 16:27 | Build | Farm |
| 16:29 | Create | Villager (Male) |
| 16:30 | Create | Villager (Male) |
| 16:36 | Create | Villager (Male) |
| 16:44 | Build | Farm |
| 17:05 | Create | Villager (Male) |
| 17:06 | Create | Villager (Male) |
| 17:07 | Create | Villager (Male) |
| 17:17 | Build | Barracks |
| 17:21 | Create | Villager (Male) |
| 17:21 | Create | Villager (Male) |
| 17:36 | Build | Farm |
| 17:37 | Build | Farm |
| 17:38 | Build | Farm |
| 17:39 | Build | Farm |
| 17:45 | Create | Villager (Male) |
| 17:45 | Create | Villager (Male) |
| 17:56 | Build | House |
| 18:01 | Build | House |
| 18:01 | Build | House |
| 18:32 | Build | Blacksmith |
| 18:44 | Create | Villager (Male) |
| 18:44 | Create | Villager (Male) |
| 18:52 | Build | Farm |
| 18:53 | Build | Farm |
| 18:56 | Build | Farm |
| 19:04 | Create | Villager (Male) |
| 19:05 | Create | Villager (Male) |
| 19:21 | Build | Farm |
| 19:23 | Build | Farm |
| 19:38 | Build | Stable |
| 19:45 | Build | Farm |
| 19:48 | Create | Villager (Male) |
| 19:48 | Create | Villager (Male) |
| 20:11 | Create | Villager (Male) |
| 20:28 | Build | House |
| 20:30 | Build | House |
| 20:33 | Research | Castle Age |
| 20:35 | Create | Villager (Male) |
| 20:36 | Create | Villager (Male) |
| 20:52 | Build | Farm |
| 20:54 | Build | Farm |
| 20:56 | Build | Farm |
| 20:57 | Build | Farm |
| 20:58 | Build | Farm |
| 20:59 | Build | Farm |
| 21:07 | Create | Villager (Male) |
| 21:07 | Create | Villager (Male) |
| 21:17 | Build | House |
| 21:18 | Build | House |
| 21:38 | Build | Lumber Camp |
| 21:48 | Build | House |
| 21:50 | Build | House |
| 21:56 | Build | Stable |
| 22:01 | Create | Villager (Male) |
| 22:01 | Create | Villager (Male) |
| 22:11 | Research | Wheelbarrow |
| 22:15 | Build | House |
| 22:15 | Build | House |
| 22:37 | Create | Villager (Male) |
| 22:38 | Create | Villager (Male) |
| 22:52 | Build | Mill |
| 23:21 | Create | Villager (Male) |
| 23:22 | Create | Villager (Male) |
| 23:22 | Create | Villager (Male) |
| 23:23 | Create | Villager (Male) |
| 23:24 | Create | Villager (Male) |
| 23:24 | Create | Villager (Male) |
| 23:45 | Build | Town Center |
| 23:51 | Create | Villager (Male) |
| 23:55 | Create | Villager (Male) |
| 23:55 | Create | Villager (Male) |
Build order — simirfan
First 150 of 321 actions detected
| 0:08 | Build | House |
| 0:10 | Build | House |
| 0:17 | Research | Loom |
| 0:19 | Create | Villager (Male) ×4 |
| 1:58 | Create | Villager (Male) |
| 2:29 | Build | Lumber Camp |
| 2:43 | Create | Villager (Male) |
| 3:11 | Create | Villager (Male) ×2 |
| 3:56 | Create | Villager (Male) |
| 4:30 | Build | Palisade Wall |
| 4:38 | Build | Palisade Wall |
| 4:47 | Create | Villager (Male) |
| 4:57 | Build | House |
| 5:12 | Build | House |
| 6:07 | Create | Villager (Male) ×3 |
| 6:51 | Build | Palisade Wall |
| 7:04 | Build | Mill |
| 7:07 | Create | Villager (Male) ×3 |
| 8:23 | Create | Villager (Male) |
| 8:27 | Create | Villager (Male) |
| 8:42 | Build | Palisade Wall |
| 8:45 | Build | Palisade Wall |
| 9:15 | Build | House |
| 9:17 | Build | House |
| 9:24 | Create | Villager (Male) |
| 10:03 | Create | Villager (Male) |
| 10:03 | Create | Villager (Male) |
| 10:05 | Create | Villager (Male) |
| 10:20 | Build | Barracks |
| 10:31 | Build | Mining Camp |
| 10:52 | Build | Mining Camp |
| 11:00 | Research | Feudal Age |
| 11:23 | Create | Villager (Male) |
| 11:36 | Create | Villager (Male) |
| 11:48 | Build | Mill |
| 12:20 | Create | Villager (Male) |
| 12:25 | Create | Militia |
| 12:51 | Create | Militia |
| 13:13 | Build | Farm |
| 13:14 | Build | Farm |
| 13:15 | Build | Farm |
| 13:28 | Age | Feudal Age |
| 13:30 | Research | Double-Bit Axe |
| 13:45 | Build | Stone Wall |
| 14:06 | Research | Horse Collar |
| 14:11 | Create | Villager (Male) |
| 14:16 | Research | Man-at-Arms (upgrade) |
| 14:29 | Build | House |
| 14:32 | Build | House |
| 14:45 | Create | Villager (Male) |
| 15:03 | Build | Blacksmith |
| 15:13 | Build | House |
| 15:15 | Build | House |
| 15:19 | Create | Villager (Male) |
| 15:22 | Create | Villager (Male) |
| 15:57 | Build | Market |
| 16:27 | Create | Villager (Male) |
| 16:27 | Create | Villager (Male) |
| 16:35 | Build | House |
| 16:38 | Build | House |
| 16:39 | Build | House |
| 16:41 | Build | House |
| 16:46 | Create | Villager (Male) |
| 16:52 | Build | Farm |
| 16:52 | Build | Farm |
| 16:53 | Build | Farm |
| 16:53 | Build | Farm |
| 16:53 | Build | Farm |
| 17:11 | Build | Farm |
| 17:26 | Build | Stone Wall |
| 17:37 | Create | Villager (Male) |
| 17:41 | Create | Trade Cart ×2 |
| 18:09 | Create | Villager (Male) |
| 18:10 | Create | Villager (Male) |
| 18:21 | Research | Stone Mining |
| 18:21 | Research | Gold Mining |
| 18:27 | Build | Farm |
| 18:28 | Build | Farm |
| 18:28 | Build | Farm |
| 18:28 | Build | Farm |
| 18:29 | Build | Farm |
| 18:29 | Build | Farm |
| 18:40 | Create | Villager (Male) ×2 |
| 18:47 | Build | Farm |
| 18:47 | Build | Farm |
| 18:48 | Build | Farm |
| 18:48 | Build | Farm |
| 19:06 | Build | Farm |
| 19:06 | Build | Farm |
| 19:06 | Build | Farm |
| 19:06 | Build | Farm |
| 19:16 | Build | Farm |
| 19:17 | Build | Farm |
| 19:17 | Build | Farm |
| 19:17 | Build | Farm |
| 19:32 | Create | Villager (Male) |
| 19:39 | Build | Farm |
| 19:39 | Build | Farm |
| 19:39 | Build | Farm |
| 19:40 | Build | Farm |
| 19:40 | Build | Farm |
| 19:58 | Create | Villager (Male) |
| 20:09 | Create | Trade Cart |
| 20:33 | Create | Villager (Male) |
| 20:54 | Build | Farm |
| 21:30 | Build | Barracks |
| 21:35 | Build | Barracks |
| 21:48 | Research | Castle Age |
| 21:56 | Create | Militia |
| 22:19 | Research | Padded Archer Armor |
| 22:20 | Research | Fletching |
| 22:28 | Create | Villager (Male) |
| 23:03 | Research | Scale Mail Armor |
| 23:08 | Create | Militia |
| 23:08 | Create | Militia |
| 23:24 | Create | Trade Cart |
| 23:24 | Create | Trade Cart |
| 23:35 | Create | Militia |
| 23:39 | Research | Forging |
| 24:03 | Build | Barracks |
| 24:13 | Create | Militia |
| 24:15 | Create | Militia |
| 24:18 | Create | Militia |
| 24:18 | Create | Militia |
| 24:28 | Age | Castle Age |
| 24:38 | Build | Castle |
| 24:48 | Build | Town Center |
| 24:54 | Create | Villager (Male) |
| 24:55 | Create | Villager (Male) |
| 24:55 | Create | Villager (Male) |
| 25:06 | Build | Siege Workshop |
| 25:10 | Research | Long Swordsman (upgrade) |
| 25:31 | Create | Villager (Male) |
| 25:35 | Create | Trade Cart |
| 25:46 | Build | House |
| 25:48 | Build | House |
| 25:51 | Build | House |
| 25:53 | Build | House |
| 25:54 | Build | House |
| 25:55 | Build | House |
| 26:19 | Create | Villager (Male) |
| 26:19 | Create | Villager (Male) |
| 26:36 | Create | Villager (Male) |
| 27:06 | Build | Town Center |
| 27:37 | Build | Gate |
| 27:44 | Build | Gate |
| 27:51 | Create | Villager (Male) |
| 27:51 | Create | Villager (Male) |
| 27:55 | Create | Villager (Male) ×5 |
| 28:04 | Create | Scorpion ×4 |
Build order — ReF
First 150 of 394 actions detected
| 0:01 | Create | Villager (Male) |
| 0:02 | Build | House |
| 0:02 | Build | House |
| 0:08 | Create | Villager (Male) |
| 0:08 | Create | Villager (Male) |
| 0:09 | Create | Villager (Male) |
| 1:27 | Create | Villager (Male) |
| 1:47 | Build | Lumber Camp |
| 1:58 | Create | Villager (Male) |
| 2:32 | Create | Villager (Male) |
| 3:13 | Create | Villager (Male) |
| 3:15 | Create | Villager (Male) |
| 3:15 | Create | Villager (Male) |
| 3:53 | Create | Villager (Male) |
| 3:53 | Create | Villager (Male) |
| 4:37 | Build | House |
| 4:55 | Create | Villager (Male) |
| 5:02 | Create | Villager (Male) |
| 5:07 | Create | Villager (Male) |
| 5:25 | Build | Mill |
| 5:56 | Create | Villager (Male) |
| 6:06 | Create | Villager (Male) |
| 6:26 | Create | Villager (Male) |
| 6:51 | Build | House |
| 7:38 | Create | Villager (Male) |
| 7:39 | Create | Villager (Male) |
| 7:44 | Build | Mining Camp |
| 7:50 | Create | Villager (Male) |
| 8:10 | Build | Mining Camp |
| 8:30 | Create | Villager (Male) |
| 8:54 | Create | Villager (Male) |
| 8:59 | Build | House |
| 9:44 | Build | Farm |
| 9:49 | Build | Farm |
| 9:50 | Create | Villager (Male) |
| 10:16 | Research | Feudal Age |
| 10:33 | Build | Farm |
| 11:48 | Build | Farm |
| 11:53 | Build | Farm |
| 12:26 | Age | Feudal Age |
| 12:27 | Build | Market |
| 12:28 | Build | Blacksmith |
| 12:34 | Create | Villager (Male) |
| 12:34 | Create | Villager (Male) |
| 13:24 | Create | Villager (Male) |
| 13:25 | Create | Villager (Male) |
| 13:30 | Research | Castle Age |
| 15:15 | Research | Double-Bit Axe |
| 15:17 | Research | Horse Collar |
| 16:11 | Create | Villager (Male) |
| 16:11 | Create | Villager (Male) |
| 16:15 | Build | House |
| 16:22 | Research | Wheelbarrow |
| 16:29 | Age | Castle Age |
| 16:32 | Build | Town Center |
| 16:41 | Build | Town Center |
| 16:45 | Build | Castle |
| 16:56 | Create | Villager (Male) |
| 17:01 | Build | Town Center |
| 17:11 | Create | Villager (Male) |
| 17:28 | Research | Bow Saw |
| 17:29 | Research | Bow Saw |
| 17:42 | Research | Heavy Plow |
| 17:44 | Create | Villager (Male) |
| 18:26 | Create | Villager (Male) |
| 18:31 | Create | Villager (Male) ×2 |
| 18:33 | Build | Farm |
| 18:35 | Build | Farm |
| 18:39 | Create | Villager (Male) |
| 18:54 | Create | Villager (Male) |
| 19:06 | Create | Villager (Male) |
| 19:10 | Build | Town Center |
| 19:24 | Build | Farm |
| 19:26 | Create | Villager (Male) |
| 19:39 | Build | Farm |
| 19:43 | Build | Farm |
| 19:54 | Create | Villager (Male) ×3 |
| 19:58 | Build | Farm |
| 20:20 | Build | Farm |
| 20:22 | Build | Farm |
| 20:27 | Build | Farm |
| 20:29 | Build | Farm |
| 20:31 | Create | Villager (Male) |
| 20:32 | Create | Villager (Male) |
| 20:36 | Create | Villager (Male) ×2 |
| 20:42 | Create | Villager (Male) ×2 |
| 20:50 | Build | Farm |
| 20:52 | Build | Farm |
| 20:56 | Create | Villager (Male) |
| 21:13 | Create | Villager (Male) |
| 21:20 | Create | Villager (Male) ×2 |
| 21:21 | Build | Farm |
| 21:22 | Build | Farm |
| 21:26 | Create | Villager (Male) |
| 21:28 | Build | Farm |
| 21:35 | Build | Farm |
| 21:40 | Create | Villager (Male) |
| 21:50 | Create | Villager (Male) ×2 |
| 21:58 | Build | Farm |
| 22:01 | Create | Villager (Male) |
| 22:09 | Build | Lumber Camp |
| 22:11 | Create | Villager (Male) |
| 22:15 | Create | Villager (Male) ×3 |
| 22:19 | Build | Farm |
| 22:21 | Build | Farm |
| 22:25 | Build | Farm |
| 22:31 | Create | Villager (Male) ×2 |
| 22:38 | Build | Farm |
| 22:41 | Build | Farm |
| 22:42 | Create | Villager (Male) |
| 22:47 | Create | Villager (Male) |
| 22:59 | Create | Mameluke |
| 23:05 | Build | Farm |
| 23:08 | Create | Villager (Male) |
| 23:17 | Create | Mameluke |
| 23:19 | Create | Villager (Male) ×4 |
| 23:24 | Create | Villager (Male) |
| 23:32 | Create | Villager (Male) |
| 23:34 | Build | Farm |
| 23:37 | Build | Farm |
| 23:39 | Build | Farm |
| 23:40 | Create | Villager (Male) |
| 23:43 | Create | Villager (Male) ×2 |
| 23:47 | Build | House |
| 23:48 | Build | House |
| 23:57 | Create | Villager (Male) |
| 23:58 | Create | Villager (Male) ×2 |
| 23:59 | Build | Farm |
| 24:01 | Build | Farm |
| 24:03 | Create | Villager (Male) |
| 24:15 | Research | Stone Mining |
| 24:19 | Create | Villager (Male) |
| 24:31 | Create | Villager (Male) |
| 24:32 | Create | Villager (Male) |
| 24:34 | Create | Villager (Male) ×2 |
| 24:38 | Create | Villager (Male) |
| 24:44 | Build | Farm |
| 24:45 | Build | Farm |
| 24:50 | Build | Farm |
| 24:51 | Build | Farm |
| 24:54 | Build | Farm |
| 24:55 | Build | Farm |
| 24:56 | Build | Farm |
| 24:58 | Build | Farm |
| 25:00 | Build | House |
| 25:01 | Build | House |
| 25:07 | Build | Farm |
| 25:08 | Build | Farm |
| 25:09 | Build | Farm |
| 25:10 | Build | Farm |
Build order — M.S.
First 150 of 328 actions detected
| 0:02 | Create | Villager (Male) |
| 0:02 | Create | Villager (Male) |
| 0:02 | Create | Villager (Male) |
| 0:02 | Create | Villager (Male) |
| 0:02 | Create | Villager (Male) |
| 0:02 | Create | Villager (Male) |
| 0:02 | Create | Villager (Male) |
| 0:02 | Create | Villager (Male) |
| 0:02 | Create | Villager (Male) |
| 0:02 | Create | Villager (Male) |
| 0:02 | Create | Villager (Male) |
| 0:02 | Create | Villager (Male) |
| 0:02 | Create | Villager (Male) |
| 0:02 | Create | Villager (Male) |
| 0:02 | Create | Villager (Male) |
| 0:02 | Create | Villager (Male) |
| 0:03 | Create | Villager (Male) |
| 0:03 | Create | Villager (Male) |
| 0:03 | Create | Villager (Male) |
| 0:03 | Create | Villager (Male) |
| 0:03 | Create | Villager (Male) |
| 0:03 | Create | Villager (Male) |
| 0:03 | Create | Villager (Male) |
| 0:05 | Build | House |
| 1:43 | Create | Villager (Male) |
| 1:47 | Build | House |
| 1:49 | Build | House |
| 1:50 | Build | House |
| 2:04 | Research | Loom |
| 2:04 | Research | Loom |
| 2:16 | Create | Villager (Male) |
| 2:36 | Create | Villager (Male) |
| 2:36 | Create | Villager (Male) |
| 3:16 | Create | Villager (Male) |
| 3:16 | Create | Villager (Male) |
| 3:35 | Build | Mill |
| 3:37 | Create | Villager (Male) |
| 3:37 | Create | Villager (Male) |
| 4:04 | Create | Villager (Male) |
| 4:04 | Create | Villager (Male) |
| 4:43 | Create | Villager (Male) |
| 4:43 | Create | Villager (Male) |
| 5:08 | Create | Villager (Male) |
| 5:35 | Create | Villager (Male) |
| 5:35 | Create | Villager (Male) |
| 5:36 | Create | Villager (Male) |
| 6:08 | Create | Villager (Male) |
| 6:12 | Build | Lumber Camp |
| 6:41 | Create | Villager (Male) |
| 7:08 | Create | Villager (Male) |
| 7:29 | Create | Villager (Male) |
| 8:14 | Create | Villager (Male) |
| 8:15 | Create | Villager (Male) |
| 9:06 | Create | Villager (Male) |
| 10:10 | Create | Villager (Male) |
| 10:12 | Research | Feudal Age |
| 11:13 | Create | Villager (Male) |
| 11:13 | Create | Villager (Male) |
| 12:20 | Build | House |
| 12:24 | Age | Feudal Age |
| 12:30 | Build | Stone Wall |
| 12:34 | Build | Stone Wall |
| 12:40 | Build | Stone Wall |
| 13:31 | Build | Mining Camp |
| 14:16 | Build | Market |
| 14:20 | Build | Blacksmith |
| 14:50 | Build | Gate |
| 15:09 | Build | Mill |
| 15:12 | Build | Farm |
| 15:12 | Build | Farm |
| 15:13 | Build | Farm |
| 15:13 | Build | Farm |
| 15:13 | Build | Farm |
| 15:13 | Build | Farm |
| 15:14 | Build | Farm |
| 15:17 | Create | Villager (Male) |
| 16:21 | Create | Villager (Male) |
| 16:48 | Create | Villager (Male) |
| 17:28 | Research | Castle Age |
| 17:50 | Build | Stone Wall |
| 18:06 | Build | Stone Wall |
| 18:20 | Create | Trade Cart |
| 18:36 | Research | Horse Collar |
| 20:00 | Build | Gate |
| 20:08 | Build | Stone Wall |
| 20:08 | Age | Castle Age |
| 20:13 | Create | Villager (Male) |
| 20:16 | Research | Wheelbarrow |
| 20:36 | Build | Stone Wall |
| 20:40 | Build | Stone Wall |
| 20:46 | Create | Villager (Male) |
| 21:13 | Build | Town Center |
| 21:25 | Research | Double-Bit Axe |
| 21:40 | Create | Villager (Male) |
| 21:54 | Build | Stone Wall |
| 22:06 | Build | House |
| 22:08 | Build | House |
| 22:09 | Build | House |
| 22:11 | Build | House |
| 22:16 | Create | Villager (Male) |
| 22:39 | Build | Gate |
| 22:49 | Create | Villager (Male) |
| 23:06 | Create | Villager (Male) |
| 23:06 | Create | Villager (Male) |
| 23:10 | Build | Farm |
| 23:10 | Build | Farm |
| 23:11 | Build | Farm |
| 23:11 | Build | Farm |
| 23:11 | Build | Farm |
| 23:30 | Create | Villager (Male) |
| 23:43 | Build | Farm |
| 23:44 | Build | Farm |
| 23:44 | Build | Farm |
| 23:44 | Build | Farm |
| 23:46 | Create | Villager (Male) |
| 24:10 | Research | Heavy Plow |
| 24:16 | Create | Villager (Male) |
| 24:28 | Create | Villager (Male) |
| 24:35 | Build | Farm |
| 24:36 | Build | Farm |
| 24:36 | Build | Farm |
| 24:36 | Build | Farm |
| 24:37 | Build | Farm |
| 24:37 | Build | Farm |
| 24:39 | Create | Villager (Male) |
| 24:39 | Create | Villager (Male) |
| 25:08 | Create | Villager (Male) |
| 25:29 | Create | Villager (Male) |
| 25:46 | Build | Siege Workshop |
| 25:50 | Create | Villager (Male) |
| 26:11 | Build | Palisade Wall |
| 26:14 | Create | Villager (Male) |
| 26:15 | Create | Villager (Male) |
| 26:29 | Research | Bow Saw |
| 26:41 | Create | Villager (Male) |
| 27:11 | Build | Town Center |
| 28:06 | Create | Mangonel |
| 28:18 | Create | Villager (Male) |
| 28:53 | Create | Villager (Male) |
| 29:00 | Create | Trade Cart |
| 29:00 | Create | Trade Cart |
| 29:23 | Build | Mining Camp |
| 29:26 | Create | Villager (Male) |
| 29:26 | Create | Villager (Male) |
| 29:34 | Create | Villager (Male) |
| 29:35 | Create | Villager (Male) |
| 30:07 | Build | Town Center |
| 30:11 | Create | Villager (Male) |
| 30:15 | Build | Farm |
| 30:15 | Build | Farm |
Match timeline
| 4:30 | simirfan · wall_segment Palisade Wall x25 |
| 4:38 | simirfan · wall_segment Palisade Wall x1 |
| 5:40 | ActedWater2358 · wall_segment Palisade Wall x4 |
| 5:45 | ActedWater2358 · wall_segment Palisade Wall x21 |
| 6:51 | simirfan · wall_segment Palisade Wall x15 |
| 8:42 | simirfan · wall_segment Palisade Wall x1 |
| 8:45 | simirfan · wall_segment Palisade Wall x3 |
| 9:34 | ActedWater2358 · wall_segment Palisade Wall x3 |
| 10:20 | simirfan · first_building Barracks |
| 10:22 | ActedWater2358 · wall_segment Palisade Wall x4 |
| 11:35 | Jarrymo · age_up feudal |
| 12:03 | Geosim · age_up feudal |
| 12:24 | M.S. · age_up feudal |
| 12:26 | ReF · age_up feudal |
| 12:30 | M.S. · wall_segment Stone Wall x10 |
| 12:34 | M.S. · wall_segment Stone Wall x9 |
| 12:40 | M.S. · wall_segment Stone Wall x16 |
| 12:55 | Jarrymo · first_building Stable |
| 13:28 | simirfan · age_up feudal |
| 13:45 | simirfan · wall_segment Stone Wall x29 |
| 13:49 | Geosim · first_market_buy 100 food |
| 14:27 | Jarrymo · age_up castle |
| 14:30 | Geosim · first_building Barracks |
| 14:38 | ReF · first_market_sell 100 food |
| 14:40 | ReF · first_market_buy 100 wood |
| 16:07 | Geosim · first_building Stable |
| 16:29 | ReF · age_up castle |
| 16:33 | M.S. · first_market_buy 100 food |
| 16:45 | ReF · first_building Castle |
| 16:58 | Geosim · age_up castle |
| 17:17 | ActedWater2358 · first_building Barracks |
| 17:26 | simirfan · wall_segment Stone Wall x3 |
| 17:50 | M.S. · wall_segment Stone Wall x15 |
| 18:06 | M.S. · wall_segment Stone Wall x10 |
| 19:26 | simirfan · first_market_buy 100 food |
| 19:29 | Geosim · first_building Monastery |
| 19:38 | ActedWater2358 · first_building Stable |
| 20:08 | M.S. · wall_segment Stone Wall x18 |
| 20:08 | M.S. · age_up castle |
| 20:36 | M.S. · wall_segment Stone Wall x16 |
| 20:40 | M.S. · wall_segment Stone Wall x17 |
| 21:54 | M.S. · wall_segment Stone Wall x14 |
| 22:14 | simirfan · first_market_sell 100 wood |
| 24:28 | simirfan · age_up castle |
| 24:38 | simirfan · first_building Castle |
| 25:06 | simirfan · first_building Siege Workshop |
| 25:46 | M.S. · first_building Siege Workshop |
| 26:11 | M.S. · wall_segment Palisade Wall x1 |
| 26:12 | ActedWater2358 · first_building Monastery |
| 26:58 | Geosim · first_building Castle |
| 28:01 | ReF · first_building Barracks |
| 28:02 | M.S. · first_market_sell 100 food |
| 29:35 | ReF · first_building Stable |
| 30:26 | ReF · age_up imperial |
| 31:00 | Jarrymo · age_up imperial |
| 31:23 | Jarrymo · first_market_buy 100 stone |
| 31:34 | Jarrymo · first_building Castle |
| 31:43 | Geosim · first_market_sell 500 wood |
| 32:18 | ActedWater2358 · first_building Castle |
| 33:01 | Jarrymo · first_market_sell 500 wood |
| 33:22 | M.S. · first_building Monastery |
| 33:35 | ActedWater2358 · first_building Siege Workshop |
| 33:58 | Jarrymo · first_building Siege Workshop |
| 34:20 | simirfan · wall_segment Stone Wall x7 |
| 34:23 | M.S. · first_building Castle |
| 34:25 | simirfan · wall_segment Stone Wall x20 |
| 34:28 | simirfan · wall_segment Stone Wall x7 |
| 34:58 | Geosim · age_up imperial |
| 37:06 | Jarrymo · first_building Monastery |
| 37:27 | M.S. · first_building Barracks |
| 38:22 | M.S. · age_up imperial |
| 39:42 | simirfan · first_building Monastery |
| 41:43 | simirfan · age_up imperial |
| 42:17 | M.S. · first_building Archery Range |
| 42:46 | ReF · first_building Siege Workshop |
| 44:37 | simirfan · wall_segment Stone Wall x6 |
| 45:03 | simirfan · wall_segment Stone Wall x7 |
| 45:44 | simirfan · wall_segment Stone Wall x5 |
| 46:50 | Geosim · resign |
[ AI ANALYSIS · 1 CREDIT ]
What really happened in this match?
Wolo.gg analyzes every decision: build order, eco, micro, common mistakes by bracket. Personalized analysis on WhatsApp or Discord in 30 seconds.
Civ guide
Poles
Perfil
Jugador #596177